 Dungeon Crawl Stone Soup version 0.24-a0-397-g73b976d855 (webtiles) character file.

Game seed: 12014544267264190970

86350 Azzok the Severer (level 16, -2/112 (113) HPs)
             Began as a Formicid Fighter on June 4, 2019.
             Was the Champion of Okawaru.
             Engulfed by a cloud of foul pestilence (7 damage)
             ... on level 13 of the Dungeon.
             The game lasted 00:54:31 (27733 turns).

Azzok the Severer (Formicid Fighter)               Turns: 27733, Time: 00:54:32

HP:   -2/112 (113)  AC: 27    Str: 30    XL:     16   Next: 33%
MP:   23/24         EV: 10    Int:  9    God:    Okawaru [******]
Gold: 1075          SH: 16    Dex:  8    Spells: 15/15 levels left

rFire    + . .     SeeInvis +   v - +5 war axe (freeze)
rCold    . . .     Gourm    .   c - +1 shield
rNeg     . . .     Faith    +   j - +0 plate armour {rF+}
rPois    +         Spirit   .   (helmet unavailable)
rElec    .         Reflect  .   I - +2 cloak
rCorr    .         Harm     .   b - +2 pair of gloves {Dex+3}
MR       +....                  L - +1 pair of boots of the Shoals {+Fly Str+3 Dex-5}
Stlth    ..........             B - amulet of faith
HPRegen  0.28/turn              x - ring of poison resistance
MPRegen  0.19/turn              h - +3 ring of protection

@: heroism
A: permanent stasis, dig shafts and tunnels, four strong arms, antennae 3,
talons 1, frail 1
a: Dig, Shaft Self, Heroism, Finesse, Renounce Religion, Evoke Flight


You were on level 13 of the Dungeon.
You worshipped Okawaru.
Okawaru was exalted by your worship.
You were hungry.

You visited 4 branches of the dungeon, and saw 23 of its levels.

You collected 2008 gold pieces.
You spent 933 gold pieces at shops.

Inventory:

Hand Weapons
 a - a cursed +5 battleaxe
 g - a +3 morningstar of freezing
 v - a +5 war axe of freezing (weapon)
 N - a +5 antimagic glaive
Armour
 b - a +2 pair of gloves of dexterity (worn)
 c - a +1 shield (worn)
 j - a +0 plate armour of fire resistance (worn)
 H - +0 storm dragon scales
 I - a +2 cloak (worn)
 L - the +1 pair of boots of the Shoals (worn) {+Fly Str+3 Dex-5}
   (You bought it in a shop on level 2 of the Orcish Mines)

   It affects your strength (+3).
   It affects your dexterity (-5).
   It lets you fly.
 M - a +0 pair of boots of stealth
Jewellery
 h - a +3 ring of protection (right hand)
 p - an uncursed amulet of regeneration
 r - an uncursed ring of ice
 x - a ring of poison resistance (left hand)
 B - an amulet of faith (around neck)
 D - an uncursed ring of protection from cold
Wands
 d - a wand of polymorph (6)
 u - a wand of paralysis (5)
 G - a wand of iceblast (14)
 J - a wand of acid (7)
 K - a wand of flame (8)
 Q - a wand of disintegration (7)
Scrolls
 i - 10 scrolls of remove curse
 k - 4 scrolls of fog
 o - 4 scrolls of immolation
 y - 6 scrolls of magic mapping
 z - 2 scrolls of amnesia
 A - a scroll of enchant armour
 E - 7 scrolls of enchant weapon
 O - a scroll of identify
 P - a scroll of brand weapon {unknown}
Potions
 e - 5 potions of curing
 l - 3 potions of ambrosia
 n - 2 potions of agility
 q - a potion of flight
 s - a potion of lignification
 t - 2 potions of experience {unknown}
 w - 3 potions of cancellation
 C - 2 potions of resistance {unknown}
 F - a potion of invisibility {unknown}
 R - a potion of brilliance {unknown}
Miscellaneous
 m - a lamp of fire
 S - a lightning rod (4/4)
Comestibles
 f - 30 rations


   Skills:
 - Level 11.5(16.5) Fighting
 + Level 18.0(23.0) Axes
 + Level 6.0(11.0) Armour
 + Level 13.3(18.3) Shields
 - Level 11.5 Invocations
 - Level 10.0 Evocations


You had 15 spell levels left.
You didn't know any spells.
Your spell library contained the following spells:

 Spells                   Type           Power        Failure   Level  Hunger
 Confusing Touch          Hex            #.....       95%         1    ##.....
 Infusion                 Chrm           #...         95%         1    ##.....
 Shroud of Golubria       Chrm/Tloc      #.........   99%         2    ###....
 Song of Slaying          Chrm           #.......     99%         2    ###....
 Confuse                  Hex            #.......     100%        3    ####...
 Gell's Gravitas          Tloc           #.........   100%        3    ####...
 Regeneration             Chrm/Necr      #.........   100%        3    ####...
 Spectral Weapon          Hex/Chrm       #.......     100%        3    ####...
 Leda's Liquefaction      Hex/Erth       #.........   100%        4    #####..
 Petrify                  Tmut/Erth      #.......     100%        4    #####..
 Bolt of Magma            Conj/Fire/Erth #.........   100%        5    ######.
 Iskenderun's Battlesphe  Conj/Chrm      #.......     100%        5    ######.
 Metabolic Englaciation   Hex/Ice        #.........   100%        5    ######.
 Venom Bolt               Conj/Pois      #.........   100%        5    ######.
 Yara's Violent Unravell  Hex/Tmut       #.........   100%        5    ######.
 Iron Shot                Conj/Erth      #.........   100%        6    #######
 Statue Form              Tmut/Erth      #........    100%        6    #######
 Orb of Destruction       Conj           #.........   100%        7    #######
 Spellforged Servitor     Conj/Summ      #.........   100%        7    #######
 Shatter                  Erth           #.........   100%        9    #######


Dungeon Overview and Level Annotations

Branches:
Dungeon (14/15)            Temple (1/1) D:5            Lair (6/6) D:8
  Swamp (0/4) Lair:4        Snake (0/4) Lair:2        Slime (0/5) Lair:6
    Orc (2/2) D:9             Elf (0/3) Orc:2
 Vaults: D:13-14

Altars:
Ashenzari
Fedhas
Gozag
Hepliaklqana
Makhleb
Nemelex Xobeh
Okawaru
Qazlal
Ru
Trog
Zin
Jiyva

Shops:
D:8 ?*   D:13 (   Orc:2 =*[(

Annotations:
Lair:3 3 runed translucent doors, Qiarch's ghost, journeyman TrWr


Innate Abilities, Weirdness & Mutations

You cannot be hasted, slowed, berserked, paralysed or teleported.
You can dig through walls and to a lower floor.
Your four strong arms can wield two-handed weapons with a shield.
You have a pair of large antennae on your head. (SInv)
You have sharp toenails.
You are frail. (-10% HP)


Message History

The foul vapour misses you.
You hit the death drake but do no damage.
The death drake is almost dead.
You are engulfed in dark miasma.
* * * LOW HITPOINT WARNING * * *
You block the death drake's attack.
You feel better.
You are engulfed in dark miasma.
* * * LOW HITPOINT WARNING * * *
You block the death drake's attack.
You slice the death drake!!
The death drake seems to slow down.
You freeze the death drake.
You kill the death drake!
Okawaru accepts your kill. Something appears at your feet!
Okawaru grants you a weapon!
Your base Armour skill increases to level 6!
You are engulfed in dark miasma.
You feel your flesh rotting away!
Your stasis prevents you from being slowed.
You die...

▒········▒
▒
▒········▒
▒
▒········▒
▒
▒·······<▒
▒
▒▒▒▒▒···▒▒
▒ ▒▒°°▒ ▒
▒°°▒ ▒▒▒
▒▒°▒ ▒··
▒@▒ ▒·▒
▒°▒ ▒·▒
▒°▒ ▒·▒
▒°▒ ▒·▒
▒°▒ ▒·▒
▒·▒ ▒·▒
▒·▒ ▒·▒
▒·▒ ▒·▒
▒·▒ ▒·▒


There were no monsters in sight!

Vanquished Creatures
  2 orc warlords (Orc:1)
  A stone giant (D:9)
  Nessos (Lair:6)
  Harold (Orc:1)
  The ghost of DrClinical the Spear-Bearer, a journeyman HOFi of the Shining One (D:12)
  10 hydras
  A centaur warrior (D:13)
  3 catoblepae (Lair:6)
  3 two-headed ogres
  A death knight (D:13)
  8 death yaks
  5 orc high priests
  Urug (Orc:2)
  6 skeletal warriors
  A death drake (shapeshifter) (D:13)
  3 unseen horrors
  3 orc knights
  2 phantasmal warriors (D:13)
  2 ugly things
  7 orc sorcerers
  2 cyclopes
  3 manticores
  A guardian serpent (shapeshifter) (D:14)
  22 elephants
  4 black mambas
  2 gargoyles (D:11)
  11 spiny frogs
  2 rime drakes (Lair:6)
  5 kobold demonologists
  A freezing wraith (D:13)
  10 komodo dragons
  3 trolls
  A harpy zombie (D:14)
  A polar bear (Lair:6)
  3 slime creatures (D:10)
  A hornet (D:9)
  6 hippogriffs
  15 blink frogs
  Sigmund (D:4)
  2 shadows (D:11)
  2 wyverns
  22 yaks
  A spriggan (D:8)
  A wraith (D:11)
  A basilisk (Lair:1)
  A golden eye (shapeshifter) (D:13)
  4 hungry ghosts
  3 swamp worms (Lair:4)
  A naga (Lair:2)
  2 vampire mosquitoes (D:13)
  5 wargs
  Edmund (D:6)
  14 water moccasins
  Duvessa (D:5)
  4 porcupines
  3 phantoms
  An eye of draining (D:9)
  41 orc warriors
  4 ice beasts
  3 sky beasts
  17 ogres
  A necrophage (D:9)
  6 centaurs
  A black bear (D:10)
  11 wolves
  10 crocodiles
  7 big kobolds
  19 bullfrogs
  A water moccasin zombie (D:12)
  Dowan (D:5)
  9 scorpions
  22 killer bees
  12 wights
  A howler monkey (D:10)
  3 electric eels
  3 crimson imps
  3 quasits
  A bullfrog zombie (D:5)
  7 hounds
  7 jellies
  Crazy Yiuf (D:2)
  3 bullfrog skeletons
  28 orc priests
  3 centaur skeletons
  34 orc wizards
  Jessica (D:2)
  5 iguanas
  Natasha (twice) (D:2)
  Terence (D:2)
  11 worker ants
  Ijyb (D:3)
  A hound zombie (D:6)
  2 hound skeletons
  3 worker ant zombies
  Robin (D:2)
  4 gnolls (D:4)
  A howler monkey skeleton (D:8)
  15 adders
  4 shadow imps
  An ooze (D:6)
  An adder skeleton (D:4)
  2 worms
  7 dart slugs
  11 leopard geckos
  96 orcs
  5 giant cockroaches
  6 goblins
  10 hobgoblins
  15 jackals
  7 quokkas
  8 bats
  10 frilled lizards
  A jackal zombie (D:6)
  35 kobolds
  A leopard gecko skeleton (D:5)
  2 quokka zombies
  7 rats
761 creatures vanquished.

Vanquished Creatures (others)
  2 orcs
  14 fungi (Lair:6)
  22 plants
38 creatures vanquished.

Grand Total: 799 creatures vanquished

Notes
Turn   | Place    | Note
-------+----------+-------------------------------------------
     0 | D:1      | Azzok the Formicid Fighter began the quest for the Orb.
     0 | D:1      | Reached XP level 1. HP: 18/18 MP: 1/1
   109 | D:1      | Reached XP level 2. HP: 23/24 MP: 2/2
   335 | D:1      | Reached skill level 3 in Axes
   523 | D:1      | Reached XP level 3. HP: 27/29 MP: 3/3
  1316 | D:2      | Reached skill level 4 in Axes
  1316 | D:2      | Reached XP level 4. HP: 35/35 MP: 4/4
  1334 | D:2      | Noticed Jessica
  1344 | D:2      | Killed Jessica
  1653 | D:2      | Identified the cursed +0 helmet "Duezu Jefom" {Int+4}
  1653 | D:2      | Noticed Robin
  1661 | D:2      | Reached XP level 5. HP: 36/41 MP: 5/5
  1671 | D:2      | Killed Robin
  1674 | D:2      | Reached skill level 5 in Axes
  1882 | D:2      | Noticed Terence
  1899 | D:2      | Killed Terence
  2045 | D:2      | Found a runed translucent door.
  2046 | D:2      | Noticed Crazy Yiuf
  2046 | D:2      | Noticed Natasha
  2052 | D:2      | Killed Natasha
  2061 | D:2      | Killed Crazy Yiuf
  2061 | D:2      | Reached XP level 6. HP: 26/47 MP: 6/6
  2376 | D:2      | Noticed Natasha
  2393 | D:2      | Killed Natasha
  2393 | D:2      | Reached skill level 6 in Axes
  2764 | D:3      | Found a burning altar of Makhleb.
  3546 | D:4      | Noticed an ogre
  3547 | D:4      | Noticed Sigmund
  3569 | D:4      | Killed an ogre
  3569 | D:4      | Reached skill level 7 in Axes
  3569 | D:4      | Reached XP level 7. HP: 51/52 MP: 7/7
  3596 | D:4      | Noticed Ijyb
  3632 | D:3      | Killed Ijyb
  3657 | D:4      | Killed Sigmund
  3657 | D:4      | Reached skill level 8 in Axes
  3928 | D:3      | Reached XP level 8. HP: 56/58 MP: 8/8
  4332 | D:4      | Reached skill level 9 in Axes
  4425 | D:4      | Got a fine flail
  4794 | D:4      | Identified the +5 flail of the Secret Gods {crush, rC-
                  | Str+9 Int+4 Dex-5} (You found it on level 4 of the Dungeon)
  4843 | D:5      | Entered Level 5 of the Dungeon
  5183 | D:5      | Reached skill level 10 in Axes
  5250 | D:5      | Found a staircase to the Ecumenical Temple.
  5260 | Temple   | Entered the Ecumenical Temple
  5326 | Temple   | Became a worshipper of Warmaster Okawaru
  5423 | D:5      | Reached skill level 1 in Invocations
  5423 | D:5      | Reached XP level 9. HP: 58/64 MP: 8/10
  6063 | D:5      | Noticed Duvessa
  6063 | D:5      | Noticed Dowan
  6085 | D:5      | Killed Duvessa
  6091 | D:5      | Killed Dowan
  6091 | D:5      | Reached * piety under Okawaru
  6091 | D:5      | Reached skill level 11 in Axes
  6969 | D:6      | Noticed Edmund
  7014 | D:6      | Killed Edmund
  7014 | D:6      | Reached skill level 5 in Invocations
  7021 | D:6      | Reached ** piety under Okawaru
  7300 | D:7      | Reached skill level 12 in Axes
  7326 | D:7      | Reached XP level 10. HP: 66/70 MP: 12/14
  8147 | D:7      | Reached *** piety under Okawaru
  8370 | D:8      | Reached skill level 13 in Axes
  8549 | D:8      | Found a staircase to the Lair.
  8676 | D:8      | Found Zin's Purification Station.
  8679 | D:8      | Found a glowing silver altar of Zin.
  8932 | D:8      | Noticed a two-headed ogre
  8942 | D:8      | Killed a two-headed ogre
  8942 | D:8      | Reached **** piety under Okawaru
  8942 | D:8      | Reached XP level 11. HP: 33/75 MP: 15/17
  9166 | D:8      | Found Otune's Magic Scroll Shoppe.
  9170 | D:8      | Bought a scroll of random uselessness for 13 gold pieces
  9170 | D:8      | Bought a scroll of immolation for 45 gold pieces
  9170 | D:8      | Bought a scroll of identify for 26 gold pieces
  9170 | D:8      | Bought a scroll of identify for 26 gold pieces
  9475 | D:9      | Noticed a two-headed ogre
  9485 | D:9      | Killed a two-headed ogre
  9485 | D:9      | Reached ***** piety under Okawaru
  9485 | D:9      | Reached skill level 14 in Axes
  9993 | D:9      | Found a staircase to the Orcish Mines.
 10271 | D:10     | Entered Level 10 of the Dungeon
 10503 | D:10     | Noticed an unseen horror
 10531 | D:10     | Killed an unseen horror
 10988 | D:11     | Received a gift from Okawaru
 10988 | D:11     | Reached skill level 10 in Invocations
 11021 | D:10     | Reached skill level 15 in Axes
 11346 | D:11     | Reached XP level 12. HP: 75/81 MP: 19/19
 12331 | D:12     | Paralysed by fainting for 5 turns
 12550 | D:12     | Reached skill level 16 in Axes
 12618 | D:12     | Noticed an unseen horror
 12644 | D:12     | Killed an unseen horror
 12666 | D:12     | Found a runed translucent gate.
 12669 | D:12     | Found a runed translucent gate.
 12669 | D:12     | Noticed DrClinical's ghost (journeyman HOFi)
 12670 | D:12     | Found a runed translucent gate.
 12745 | D:12     | Noticed an unseen horror
 12774 | D:12     | Killed an unseen horror
 13160 | Lair:1   | Entered Level 1 of the Lair of Beasts
 13204 | D:8      | Reached skill level 1 in Evocations
 13383 | Lair:1   | Noticed an eight-headed hydra
 13399 | Lair:1   | Killed an eight-headed hydra
 13780 | Lair:1   | Noticed a five-headed hydra
 13791 | Lair:1   | Killed a five-headed hydra
 13791 | Lair:1   | Received a gift from Okawaru
 13791 | Lair:1   | Reached XP level 13. HP: 69/86 MP: 21/21
 13877 | Lair:1   | Reached ****** piety under Okawaru
 14436 | Lair:2   | Reached skill level 17 in Axes
 14464 | Lair:2   | Noticed an eight-headed hydra
 14479 | Lair:2   | Killed an eight-headed hydra
 14606 | Lair:2   | Found a staircase to the Snake Pit.
 14844 | Lair:2   | Reached skill level 5 in Evocations
 15322 | Lair:3   | Found a runed translucent gate.
 15323 | Lair:3   | Found a runed translucent gate.
 15623 | Lair:3   | Found a runed translucent gate.
 15623 | Lair:3   | Noticed Qiarch's ghost (journeyman TrWr)
 16175 | Lair:4   | Noticed an eight-headed hydra
 16193 | Lair:4   | Killed an eight-headed hydra
 17165 | Lair:4   | Found a staircase to the Swamp.
 17166 | Lair:4   | Noticed a five-headed hydra
 17188 | Lair:4   | Killed a five-headed hydra
 17403 | Lair:5   | Reached skill level 18 in Axes
 17424 | Lair:5   | Received a gift from Okawaru
 17427 | Lair:5   | Got a jewelled chain mail {god gift}
 17434 | Lair:5   | Identified the +6 chain mail "Xeclae Voni" {rPois rF-
                  | Dex+3} (Okawaru gifted it to you on level 5 of the Lair of
                  | Beasts)
 17750 | Lair:5   | Reached XP level 14. HP: 93/93 MP: 22/22
 18133 | Lair:6   | Entered Level 6 of the Lair of Beasts
 18133 | Lair:6   | Found a staircase to the Slime Pits.
 18265 | Lair:6   | Found a viscous altar of Jiyva.
 18266 | Lair:6   | Noticed Nessos
 18354 | Lair:6   | Killed Nessos
 18354 | Lair:6   | Reached skill level 5 in Shields
 18483 | Lair:5   | Reached skill level 5 in Fighting
 19123 | Lair:6   | Reached skill level 10 in Evocations
 19143 | Lair:6   | Received a gift from Okawaru
 20249 | Lair:6   | Reached XP level 15. HP: 50/111 MP: 21/23
 20789 | Lair:6   | Reached skill level 10 in Shields
 21408 | Orc:1    | Entered Level 1 of the Orcish Mines
 21419 | Orc:1    | Noticed an orc warlord
 21700 | Orc:1    | Noticed a stone giant
 21815 | D:9      | Received a gift from Okawaru
 21863 | Orc:1    | HP: 4/114 [orc warrior/+0 trident[an orc warlord] (23)]
 22041 | D:9      | Killed a stone giant
 22350 | Orc:1    | Killed an orc warlord
 22350 | Orc:1    | Reached skill level 10 in Fighting
 22657 | Orc:2    | Entered Level 2 of the Orcish Mines
 22714 | Orc:1    | Noticed Harold
 22714 | Orc:1    | Noticed Urug
 22833 | Orc:2    | Killed Urug
 22943 | Orc:1    | Killed Harold
 23087 | Orc:2    | Found a staircase to the Elven Halls.
 23808 | Orc:2    | Noticed an orc warlord
 23829 | Orc:1    | Killed an orc warlord
 24360 | Orc:2    | Gained mutation: You are frail. (-10% HP) [a neqoxec]
 24808 | Orc:2    | Gained mutation: Your magical capacity is low. (-10% MP) [a
                  | neqoxec]
 24811 | Orc:2    | Gained mutation: You have sharp toenails. [a neqoxec]
 24811 | Orc:2    | Gained mutation: You are very frail. (-20% HP) [a neqoxec]
 24911 | Orc:2    | Lost mutation: You have sharp toenails. [potion of
                  | mutation]
 24911 | Orc:2    | Lost mutation: Your magical capacity is low. (-10% MP)
                  | [potion of mutation]
 24911 | Orc:2    | Lost mutation: You are very frail. (-20% HP) [potion of
                  | mutation]
 24911 | Orc:2    | Gained mutation: You have sharp toenails. [potion of
                  | mutation]
 24911 | Orc:2    | Gained mutation: You are weak. (Str -2) [potion of
                  | mutation]
 24911 | Orc:2    | Lost mutation: You are weak. (Str -2) [potion of mutation]
 24956 | Orc:2    | Received a gift from Okawaru
 25080 | Orc:2    | Found Peterch's Antique Armour Emporium.
 25081 | Orc:2    | Found Dutag's Antique Weapon Emporium.
 25082 | Orc:2    | Found Zarin's General Store.
 25082 | Orc:2    | Found Lulaxadyu's Jewellery Shoppe.
 25087 | Orc:2    | Bought an uncursed amulet of faith for 560 gold pieces
 25098 | Orc:2    | Bought a pair of ichor-stained boots for 237 gold pieces
 25492 | D:8      | Bought a scroll of identify for 26 gold pieces
 25492 | D:8      | Identified the +1 pair of boots of the Shoals {+Fly Str+3
                  | Dex-5} (You bought it in a shop on level 2 of the Orcish
                  | Mines)
 25682 | D:12     | Killed DrClinical's ghost
 25682 | D:12     | Reached XP level 16. HP: 100/113 MP: 8/24
 26650 | D:13     | Reached skill level 5 in Armour
 26690 | D:13     | Found Vazxyan's Antique Weapon Shop.
 27424 | D:13     | Found a stormy altar of Qazlal.
 27608 | D:14     | Found a blossoming altar of Fedhas.
 27727 | D:13     | HP: 5/112 [poisoned by a death drake (dark miasma)]
 27732 | D:13     | HP: 5/113 [death drake (shapeshifter)] (8)]
 27733 | D:13     | Received a gift from Okawaru
 27733 | D:13     | Engulfed by a cloud of foul pestilence

Levels and vault maps discovered:
D:1:      ncdulo_smallfort, layout_basic, minivault_23
D:2:      minmay_wonky_spiral, layout_basic, grunt_ministairs_12, uniq_jessica,
          uniq_robin, uniq_terence, uniq_crazy_yiuf_cottage, uniq_natasha
D:3:      layout_basic, first_ration, bloody_makhleb
D:4:      layout_cave_pools, uniq_ijyb, uniq_sigmund
D:5:      layout_basic, minmay_temple_entry_waves, st_stairs_2, uniq_duvessa
D:6:      layout_gridville, corexii_corridor_pit, hangedman_decor_riveting,
          uniq_edmund
D:7:      layout_gridville
D:8:      layout_basic, zin_purify, dpeg_oklobed_lair, serial_shops, shop,
          grunt_pizzeria, chequers_arboretum
D:9:      minmay_clustersquares, layout_irregular_city, david_orc_2,
          fungi_pond_lemuel
D:10:     layout_basic
D:11:     layout_loops_ring, st_stairs_1
D:12:     layout_gridville, ebering_ghost_rock_garden, grunt_ministairs_10
D:13:     layout_basic, serial_shops, kennysheep_mini, grunt_qazlal_clouds
D:14:     lemuel_flame_loot_2, layout_irregular_city, david_vaults_4,
          fedhas_altar_1
Temple:   roderic_octagonal_lattice_temple
Lair:1:   layout_regular_city
Lair:2:   layout_misc_corridors, guppyfry_snake_entry_garden
Lair:3:   layout_roguey, ebering_ghost_rock_garden, serial_bayou_shore_a
Lair:4:   layout_misc_corridors, nicolae_swamp_entry_splash_gauntlet
Lair:5:   layout_big_grid, serial_rivers, chequers_serial_rivers_micro_a,
          chequers_serial_rivers_micro_c, chequers_serial_rivers_micro_c,
          chequers_serial_rivers_room_b
Lair:6:   evilmike_catoblepas_cave, layout_layer_cave, slime_altar_1,
          grunt_megastairs_4, serial_bayou_shore_b, uniq_nessos
Orc:1:    layout_caves, uniq_harold, uniq_urug
Orc:2:    st_orc_congregation, layout_diamond_mine, nooodl_orcs_dogs

Skill      XL: |  1  2  3  4  5  6  7  8  9 10 11 12 13 14 15 16 |
---------------+-------------------------------------------------+-----
Axes           | 3 4 5 7 8 10 12 13 15 16 18 | 18.0
Invocations    | 1 5 8 10 11 | 11.5
Evocations     | 3 8 10 | 10.0
Shields        | 9 12 13 | 13.3
Fighting       | 8 11 | 11.5
Armour         | 6 |  6.0

Action                   |  1- 3 |  4- 6 |  7- 9 | 10-12 | 13-15 | 16-18 || total
-------------------------+-------+-------+-------+-------+-------+-------++-------
Melee: War axe           |    94 |    61 |       |       |       |   212 ||   367
       Quarterstaff      |       |    93 |   116 |       |       |       ||   209
       Flail             |       |       |   243 |   120 |       |       ||   363
       Dagger            |       |       |    17 |       |       |       ||    17
       Morningstar       |       |       |       |   845 |   994 |       ||  1839
       Glaive            |       |       |       |       |   478 |       ||   478
Invok: Heroism           |       |       |       |     4 |    20 |     4 ||    28
       Finesse           |       |       |       |       |     3 |     1 ||     4
Evoke: Wand              |       |       |       |     2 |    23 |       ||    25
       Lamp of fire      |       |       |       |     1 |     2 |       ||     3
  Use: Scroll            |       |       |     9 |    13 |     6 |       ||    28
       Potion            |       |       |       |       |     5 |     3 ||     8
 Stab: Distracted        |       |       |       |       |     1 |       ||     1
       Fleeing           |       |       |       |       |     1 |       ||     1
  Eat: Chunk             |     1 |     8 |    12 |    20 |    30 |       ||    71
       Ration            |       |       |       |     4 |     4 |     1 ||     9
Armor: Scale mail        |    37 |       |       |       |       |       ||    37
       Chain mail        |     8 |    71 |   183 |     2 |       |       ||   264
       Plate armour      |       |       |       |   536 |   427 |    55 ||  1018
       Storm dragon scal |       |       |       |       |   321 |       ||   321
Dodge: Dodged            |    21 |    45 |   118 |   299 |   346 |    34 ||   863
Block: Shield            |    54 |    78 |   198 |   598 |   984 |    93 ||  2005

Table legend:
 A = Non-vault XP
 B = Vault XP
 C = Vault XP percentage of total XP
 D = Non-vault monster count
 E = Vault monster count
 F = Vault count percentage of total count
                 A         B        C        D         E       F
            +---------+---------+-------+---------+---------+-------
      Total |   90481 |   32877 |  26.7 |     594 |     167 |  21.9
            +---------+---------+-------+---------+---------+-------
        D:1 |      43 |       0 |   0.0 |      24 |       0 |   0.0
        D:2 |      69 |     204 |  74.7 |       7 |      20 |  74.1
        D:3 |     214 |      35 |  14.1 |      29 |       1 |   3.3
        D:4 |     598 |     223 |  27.2 |      26 |       1 |   3.7
        D:5 |     934 |     223 |  19.3 |      31 |       2 |   6.1
        D:6 |    1218 |     162 |  11.7 |      34 |       1 |   2.9
        D:7 |    1761 |       0 |   0.0 |      37 |       0 |   0.0
        D:8 |    2674 |     205 |   7.1 |      42 |       1 |   2.3
        D:9 |    5699 |    1582 |  21.7 |      46 |      19 |  29.2
       D:10 |    2790 |       0 |   0.0 |      31 |       0 |   0.0
       D:11 |    4969 |     191 |   3.7 |      30 |       3 |   9.1
       D:12 |    4859 |    1066 |  18.0 |      17 |       2 |  10.5
       D:13 |   11203 |       0 |   0.0 |      44 |       0 |   0.0
       D:14 |    1316 |       0 |   0.0 |       9 |       0 |   0.0
     Lair:1 |    5271 |       0 |   0.0 |      18 |       0 |   0.0
     Lair:2 |    4715 |     169 |   3.5 |      20 |       1 |   4.8
     Lair:3 |    1817 |       0 |   0.0 |       9 |       0 |   0.0
     Lair:4 |    5657 |     565 |   9.1 |      17 |       4 |  19.0
     Lair:5 |   12854 |     436 |   3.3 |      28 |       1 |   3.4
     Lair:6 |   13555 |   13579 |  50.0 |      38 |      27 |  41.5
      Orc:1 |    5278 |    5688 |  51.9 |      23 |      11 |  32.4
      Orc:2 |    2987 |    8549 |  74.1 |      34 |      73 |  68.2
            +---------+---------+-------+---------+---------+-------
